 Dungeon Sprint DCSS version 0.31-a0-879-g1609e0ac53 (webtiles) character file.

Game seed: 15222214005959461937

1107 rocky1 the Grappler (level 8, -1/65 HPs)
             Began as a Djinni Shapeshifter on Oct 15, 2023.
             Was an Initiate of Gozag.
             Shot with a bolt by a yaktaur (19 damage)
             ... in the Dungeon (Sprint II: "The Violet Keep of Menkaure").
             The game lasted 00:04:46 (699 turns).

rocky1 the Grappler (Djinni Shapeshifter)            Turns: 699, Time: 00:04:47

Health: -1/65      AC: 11    Str: 21    XL:     8   Next: 59%
Gold:   211        EV: 11    Int: 11    God:    Gozag SH:  0 Dex: 14

rFire   + +          .
                       - Unarmed
rCold   x . .        (no shield)
rNeg    . . .        h - +3 chain mail "Ecvuabuv" {MP+9 Str+6}
rPois   ∞            (helmet currently unavailable)
rElec   .            (cloak currently unavailable)
rCorr   .            (gloves currently unavailable)
SInv    .            (boots unavailable)
Will    .....        (no amulet) Stlth
                     (no ring)
HPRegen 0.30/turn    (no ring)
MPRegen 0.00/turn

%: no teleportation, infuse magic (-2 HP)
@: beast-form, flying
A: beast (slay +4), flying, sickness immunity, fire resistance 2, cold
vulnerability 1, float, innate caster, HP casting, extra vitality 1
a: Begin Untransformation, Renounce Religion, Potion Petition, Call Merchant,
Bribe Branch


You were in the Dungeon.
You worshipped Gozag.
Gozag was aware of your devotion.
You were a hulking beast.
You visited 1 branch You collected 1629 gold pieces.
You spent 1418 gold pieces at shops.

Inventory:

Armour
 a - a +0 animal skin
 h - the +3 chain mail "Ecvuabuv" (worn) {MP+9 Str+6}
   (You found it in the Dungeon)

   Str+6:     It affects your strength (+6).
   MP+9:      It affects your magic capacity (+9).
Talismans
 c - a beast talisman (active)
 d - a flux talisman
Scrolls
 i - 2 scrolls of blinking
 k - 2 scrolls of identify
 l - 2 scrolls of revelation
Potions
 e - 5 potions of curing
 f - 3 potions of heal wounds
 g - 4 potions of haste
 j - a potion of enlightenment
 m - a potion of mutation
 n - a potion of invisibility
 o - a potion of ambrosia
Miscellaneous
 b - a phial of floods


   Skills:
 + Level 8.1 Fighting
 + Level 9.1 Dodging
 * Level 11.7 Unarmed Combat
 + Level 7.3 Shapeshifting


You knew the following spells:

 Your Spells              Type           Power      Damage    Failure   Level
a - Shock                 Conj/Air       0%         1d3       96%         1
b - Scorch                Fire           0%         2d5       99%         2
c - Ensorcelled Hibernat  Hex/Ice        0%         N/A       99%         2
Your spell library was empty.

Dungeon Overview and Level Annotations

Branches:
Dungeon (1/1)

Altars:
Cheibriados
Dithmenos
Elyvilon
Fedhas
Gozag
Hepliaklqana
Makhleb
Nemelex Xobeh
Okawaru
Qazlal
Ru
Trog
Uskayaw
Wu Jian
Xom
Yredelemnul
Zin
The Shining One
Jiyva
Lugonu

Shops:
D (:[!:*!:(=[=:?[

Annotations:
D exclusions: ice statue and oklob plant


Innate Abilities, Weirdness & Mutations

You are a hulking beast.
Your limbs bulge with bestial killing power. (Slay +4)
You are flying.
You are immune to sickness and miasma.
You are immune to poison.
Your flesh is very heat resistant. (rF++)
You are vulnerable to cold. (rC-)
You float through the air rather than walking.
You learn spells naturally, not from books.
Your magical power is your life essence.
You have superior vitality. (+4 MHP)


Message History

The polar bear barely misses you.
The polar bear claws you but does no damage. x2
You punch the polar bear!
The polar bear is severely wounded.
The polar bear goes berserk!
You punch the polar bear!
The polar bear is almost dead.
The polar bear bites you but does no damage.
The polar bear claws you but does no damage. x2
The yaktaur is engulfed in a cloud of scalding steam.
You hit the polar bear.
The polar bear is almost dead.
The polar bear barely misses you. x2
The polar bear claws you but does no damage.
You hit the polar bear but do no damage.
The polar bear is almost dead.
The polar bear bites you!
The polar bear claws you but does no damage.
The polar bear claws you.
The hornet is engulfed in a cloud of scalding steam.
The polar bear is engulfed in a cloud of scalding steam.
You barely miss the polar bear.
The polar bear is almost dead.
The polar bear barely misses you. x2
The polar bear claws you but does no damage.
The polar bear bites you! The polar bear closely misses you.
The polar bear completely misses you.
You barely miss the polar bear.
The polar bear is almost dead.
The polar bear is engulfed in a cloud of scalding steam.
The yaktaur is engulfed in a cloud of scalding steam.
The yaktaur wields a +0 arbalest.
The yaktaur shoots a bolt.
The bolt hits you! The polar bear bites you!
* * * LOW HITPOINT WARNING * * *
The polar bear closely misses you.
The polar bear claws you but does no damage.
The hornet is engulfed in a cloud of scalding steam.
The yaktaur shoots a bolt.
The bolt hits you!!
You die...
Your body crumbles into a pile of gold.

.###'###.##......~~~~~~~~~~~~~
###.#.####~~.§.§.~#'########+###
~#..#..#~~~~~~~..~#.._.....#S~§##
~###.###~~§~~§~~.~#._._....#S~§≈#
~~##'##~~~≈≈§~~§y~#_._._...#~~~~≈
#~~~~~~~~~~≈§≈≈chh#._._._..#~§~≈≈
#+++#+++#~≈§§§≈§≈h#_._._._.#§~§~§
.○... ##§§≈###§≈#._._._._#§§~§§
.....°...##§≈#.#h§#_._._._.#~§§§§
....8.°...+≈≈#§#§§#..._._._#~§≈≈▓
.°.°.....##≈≈≈§§§§##########~≈≈≈▓
#.○○.○..###########~~~~~~~~~≈≈≈≈▓
####+####≈≈≈≈SSS###~########≈▓▓▓▓
#§°○≈○≈≈≈≈##~# ▓▓ +≈§≈≈≈○§≈§≈≈+~#
##§≈≈§≈§§≈§#### ##≈≈§≈≈≈≈##


You could see 3 polar bears, a yaktaur and a hornet.

Vanquished Creatures
  A merfolk siren (D)
  2 wyverns (D)
  Menkaure (D)
  A water moccasin (D)
  4 scorpions (D)
  A hell rat (D)
  3 worms (D)
13 creatures vanquished.

Notes
Turn   | Place    | Note
-------+----------+-------------------------------------------
     0 | D        | rocky1 the Djinni Shapeshifter began the quest for the Orb.
     0 | D        | Reached XP level 1. HP: 17/17 MP: 0/0
     1 | D        | Noticed a scorpion
     1 | D        | Noticed a scorpion
     1 | D        | Noticed a scorpion
     1 | D        | Noticed a scorpion
    10 | D        | Killed a scorpion
    11 | D        | Reached skill level 5 in Unarmed Combat
    11 | D        | Reached XP level 2. HP: 25/25 MP: 0/0
    11 | D        | Reached XP level 3. HP: 30/30 MP: 0/0
    11 | D        | Learned a level 1 spell: Shock
    11 | D        | Reached XP level 4. HP: 35/35 MP: 0/0
    18 | D        | Killed a scorpion
    19 | D        | Reached skill level 5 in Dodging
    19 | D        | Reached skill level 6 in Unarmed Combat
    19 | D        | Reached XP level 5. HP: 41/41 MP: 0/0
    19 | D        | Learned a level 2 spell: Scorch
    22 | D        | Reached skill level 7 in Unarmed Combat
    25 | D        | Reached skill level 5 in Fighting
    25 | D        | Reached skill level 8 in Unarmed Combat
    25 | D        | Reached skill level 5 in Shapeshifting
    25 | D        | Reached XP level 6. HP: 49/49 MP: 0/0
   164 | D        | Noticed an ice statue
   170 | D        | Noticed a water moccasin
   177 | D        | Found an ornate altar of the Wu Jian Council.
   178 | D        | Found a stormy altar of Qazlal.
   178 | D        | Found a sacrificial altar of Ru.
   178 | D        | Found a hazy altar of Hepliaklqana.
   178 | D        | Found a shimmering altar of Xom.
   178 | D        | Found a glowing golden altar of the Shining One.
   179 | D        | Found a viscous altar of Jiyva.
   179 | D        | Found a basalt altar of Yredelemnul.
   180 | D        | Found a snail-covered altar of Cheibriados.
   180 | D        | Found a bloodstained altar of Trog.
   180 | D        | Found a glowing silver altar of Zin.
   181 | D        | Found a shadowy altar of Dithmenos.
   181 | D        | Found a corrupted altar of Lugonu.
   181 | D        | Found a hide-covered altar of Uskayaw.
   182 | D        | Found a white marble altar of Elyvilon.
   182 | D        | Found a burning altar of Makhleb.
   183 | D        | Found a blossoming altar of Fedhas.
   185 | D        | Found an opulent altar of Gozag.
   185 | D        | Found a sparkling altar of Nemelex Xobeh.
   186 | D        | Found an iron altar of Okawaru.
   188 | D        | Noticed a water moccasin
   189 | D        | Noticed a water moccasin
   192 | D        | Noticed a water moccasin
   192 | D        | Noticed a flying skull
   192 | D        | Noticed a flying skull
   194 | D        | Became a worshipper of Gozag Ym Sagoz the Greedy
   207 | D        | Killed a water moccasin
   208 | D        | Reached skill level 9 in Unarmed Combat
   336 | D        | Noticed a wyvern
   336 | D        | Noticed a wyvern
   340 | D        | Killed a wyvern
   341 | D        | Reached XP level 7. HP: 57/57 MP: 0/0
   341 | D        | Learned a level 2 spell: Ensorcelled Hibernation
   343 | D        | Killed a wyvern
   344 | D        | Reached skill level 10 in Unarmed Combat
   493 | D        | Noticed a merfolk siren
   503 | D        | Killed a merfolk siren
   504 | D        | Reached skill level 11 in Unarmed Combat
   504 | D        | Reached XP level 8. HP: 61/65 MP: 0/0
   529 | D        | Noticed Menkaure
   535 | D        | Killed Menkaure
   539 | D        | Found Jutijer's Magic Scroll Shoppe.
   539 | D        | Found Taemol's Antique Armour Emporium.
   540 | D        | Found Utikh's Jewellery Shoppe.
   540 | D        | Found Pegosiluf's Armour Emporium.
   540 | D        | Found Zeod's Book Emporium.
   541 | D        | Found Bykhewaha's Antique Weapon Shoppe.
   541 | D        | Found Venaitu's Book Emporium.
   541 | D        | Found Itolle's Jewellery Emporium.
   541 | D        | Found Reego's Distillery.
   542 | D        | Found Eggic's General Store.
   542 | D        | Found Effol's Book Shoppe.
   557 | D        | Identified the +3 chain mail "Ecvuabuv" {MP+9 Str+6}
   584 | D        | Found Cyena's Distillery.
   584 | D        | Found Roinear's Antique Armour Emporium.
   584 | D        | Noticed a fire dragon
   584 | D        | Noticed an oklob plant
   585 | D        | Found Dabevi's Antique Weapon Shoppe.
   585 | D        | Found Piwypp's Book Shoppe.
   586 | D        | Noticed a polar bear
   586 | D        | Noticed a polar bear
   596 | D        | Noticed an iron elemental
   629 | D        | Bought a potion of haste for 110 gold pieces
   629 | D        | Bought a potion of heal wounds for 55 gold pieces
   631 | D        | Bought a potion of enlightenment for 60 gold pieces
   631 | D        | Bought a potion of curing for 36 gold pieces
   631 | D        | Bought a potion of haste for 120 gold pieces
   631 | D        | Bought a potion of curing for 36 gold pieces
   639 | D        | Bought a scroll of identify for 28 gold pieces
   639 | D        | Bought a scroll of identify for 28 gold pieces
   639 | D        | Bought a scroll of blinking for 105 gold pieces
   639 | D        | Bought a scroll of revelation for 105 gold pieces
   639 | D        | Bought a scroll of revelation for 105 gold pieces
   643 | D        | Bought a potion of heal wounds for 70 gold pieces
   643 | D        | Bought a potion of mutation for 112 gold pieces
   643 | D        | Bought a potion of curing for 42 gold pieces
   643 | D        | Bought a potion of haste for 140 gold pieces
   643 | D        | Bought a potion of invisibility for 112 gold pieces
   643 | D        | Bought a potion of curing for 42 gold pieces
   643 | D        | Bought a potion of ambrosia for 112 gold pieces
   681 | D        | Noticed a polar bear
   681 | D        | Noticed a polar bear
   681 | D        | Noticed a polar bear
   682 | D        | Noticed a hornet
   685 | D        | Noticed a yaktaur
   699 | D        | Shot with a bolt by a yaktaur

Illustrated notes

Levels and vault maps discovered:
D:        the_violet_keep_of_menkaure [sprint2_stairs_cluster_1,
          sprint2_shoproom, sprint2_temple, sprint2_basic_supplies,
          sprint2_obstacle_2, sprint2_obstacle_5, sprint2_obstacle_7,
          sprint2_obstacle_3, sprint2_obstacle_6, sprint2_timed_cluster_1,
          sprint2_smallroom_cluster_1, sprint2_smallroom_final_cluster_1,
          sprint2_transparent_cluster_1, sprint2_second_timed_cluster_1,
          sprint2_sniper_area_1, sprint2_heavy_combat_area_1,
          sprint2_mutation_trap_area_1, sprint2_forest_area_1,
          sprint2_light_combat_area_1, sprint2_behind_water_1,
          sprint2_near_end_vault_1]

Skill      XL: |  1  2  3  4  5  6  7  8 |
---------------+-------------------------+-----
Fighting       | 3 4 5 6 7 8 |  8.1
Dodging        | 4 5 6 7 8 9 |  9.1
Unarmed Combat | 5 6 8 9 11 | 11.7
Shapeshifting  | 3 4 5 6 7 |  7.3

Action                     |  1- 3 |  4- 6 |  7- 9 || total
---------------------------+-------+-------+-------++-------
  Melee: Unarmed           |     8 |    31 |    22 ||    61
         Punch             |       |     1 |     1 ||     2
    Use: Potion            |     1 |     1 |       ||     2
   Stab: Sleeping          |       |       |     1 ||     1
 Armour: Skin              |     7 |     9 |       ||    16
         Animal skin       |       |     8 |     2 ||    10
         Chain mail        |       |       |    17 ||    17
  Dodge: Dodged            |     1 |     9 |    14 ||    24

Table legend: (Time is in decaauts)
 A = Elapsed time spent in this place.
 B = Non-inter-level travel time spent in this place.
 C = Inter-level travel time spent in this place.
 D = Time resting spent in this place.
 E = Time spent auto-exploring this place.
 F = Levels seen in this place.
 G = Mean time per level.
                   A        B        C        D        E       F      G
               +--------+--------+--------+--------+--------+-----+--------+
         Total |    700 |    694 |      6 |    331 |      0 |   1 |  700.0 |
       Dungeon |    700 |    694 |      6 |    331 |      0 |   1 |  700.0 |
               +--------+--------+--------+--------+--------+-----+--------+

Top non-repeatable levels by time:
       D: 700 daAuts
